 Dungeon Crawl Stone Soup version 0.21-a0-518-g43a1781 (webtiles) character file.

102 luca467 the Sneak (level 4, 0/23 HPs)
             Began as a Spriggan Assassin on Dec 4, 2017.
             Slain by Ijyb
             ... wielding a +0 club
              (4 damage)
             ... on level 3 of the Dungeon.
             The game lasted 00:07:30 (1855 turns).

luca467 the Sneak (Spriggan Assassin)               Turns: 1855, Time: 00:07:31

Health: 0/23       AC:  3    Str:  7    XL:     4   Next: 50%
Magic:  5/5        EV: 18    Int: 12    God:
Gold:   112        SH:  0    Dex: 18    Spells: 3/3 levels left

rFire    . . .     SeeInvis +   a - +3 dagger
rCold    . . .     Gourm    .   (shield restricted)
rNeg     . . .     Faith    .   c - +0 robe
rPois    .         Spirit   .   (helmet restricted)
rElec    .         Reflect  .   d - +0 cloak
rCorr    .         Harm     .   (gloves unavailable)
MR       .....                  (boots unavailable)
Stlth    ++++......             (no amulet)
HPRegen  0.07/turn              (no ring)
MPRegen  0.09/turn              (no ring)

@: very quick
A: very small, unfitting armour, see invisible, herbivore 3, speed 3, slow
metabolism 2
a: no special abilities


You were on level 3 of the Dungeon.
You were not hungry.

You visited 1 branch of the dungeon, and saw 3 of its levels.

You collected 112 gold pieces.

Inventory:

Hand Weapons
 a - a +3 dagger (weapon)
 b - a +0 blowgun
Missiles
 e - 7 poisoned needles
 i - 112 stones (quivered)
Armour
 c - a +0 robe (worn)
 d - a +0 cloak (worn)
Scrolls
 p - 2 scrolls of teleportation
Potions
 o - a potion of degeneration {unknown}
 q - a potion of heal wounds {unknown}
 r - a potion of flight {unknown}
Comestibles
 g - 2 bread rations


   Skills:
 + Level 2.2 Fighting
 * Level 3.6 Short Blades
 - Level 2.0 Throwing
 + Level 3.1 Dodging
 + Level 6.6 Stealth


You had 3 spell levels left.
You didn't know any spells.

Dungeon Overview and Level Annotations

Branches:
Dungeon (3/15)

Altars:
Ashenzari
The Shining One

Annotations:
D:3 Ijyb


Innate Abilities, Weirdness & Mutations

You are very small and have problems with some larger weapons.
You are too small for most types of armour.
You have supernaturally acute eyesight. (SInv)
You are a herbivore.
You cover ground extremely quickly.
You need consume almost no food.


Message History

Ijyb is almost dead.
Ijyb closely misses you.
You closely miss Ijyb.
Ijyb is almost dead.
Ijyb misses you.
You hit Ijyb but do no damage.
Ijyb is almost dead.
Ijyb zaps a wand.
You suddenly lose the ability to move!
Ijyb zaps a wand.
You shrug off the repeated paralysis!
The now-empty wand crumbles to dust.
Ijyb hits you but does no damage. x2
Ijyb hits you with a club.
* * * LOW HITPOINT WARNING * * *
You can move again.
Unknown command.
You hit Ijyb but do no damage.
Ijyb is almost dead.
Ijyb screams, "Get away!"
Ijyb hits you with a club.
You die...

#..###.# #.#
#......###########.#
#..†..........<....#
####.###############
...#####.#
.........#
##..####..##
...........#
##.#####@..#
###.#####g..###
#.?g.>........#
....#####...#.# #
#...#.# ....# #
#..## ...# #...


You could see Ijyb.

Vanquished Creatures
  Jessica (D:2)
  2 adders (D:2)
  2 dart slugs (D:1)
  2 leopard geckos
  2 giant cockroaches (D:1)
  5 goblins
  7 hobgoblins
  10 jackals
  A quokka (D:2)
  3 bats
  A frilled lizard (D:2)
  5 kobolds
  8 rats
49 creatures vanquished.

Notes
Turn   | Place    | Note
-------+----------+-------------------------------------------
     0 | D:1      | luca467 the Spriggan Assassin began the quest for the Orb.
     0 | D:1      | Reached XP level 1. HP: 10/10 MP: 2/2
   161 | D:1      | Reached skill level 6 in Stealth
   186 | D:1      | Reached XP level 2. HP: 15/15 MP: 3/3
   716 | D:1      | Reached XP level 3. HP: 18/18 MP: 4/4
  1350 | D:2      | Reached XP level 4. HP: 18/23 MP: 5/5
  1537 | D:2      | Found a glowing golden altar of the Shining One.
  1688 | D:2      | Noticed Jessica
  1706 | D:2      | Killed Jessica
  1780 | D:3      | Found a shattered altar of Ashenzari.
  1794 | D:3      | Noticed Ijyb
  1807 | D:3      | Paralysed by Ijyb for 6 turns
  1819 | D:3      | Paralysed by Ijyb for 4 turns
  1849 | D:3      | Paralysed by Ijyb for 5 turns
  1855 | D:3      | Slain by Ijyb

Vault maps used:
D:1:      evilmike_arrival_home_sweet_home, st_stairs_12
D:2:      tso_oasis_becter, corexii_leaking_fountain, kennysheep_jessica_study
D:3:      vehumet_crystals, fedhas_altar_4, nicolae_overflow_crystal_walls,
          cheibrodos_ashenzari_chains, uniq_ijyb

Skill      XL: |  1  2  3  4 |
---------------+-------------+-----
Stealth        | 6 |  6.6
Dodging        | 2 3 |  3.1
Short Blades   | 3 |  3.6
Fighting       | 2 |  2.2
Throwing       | |  2.0

Action                   |  1- 3 |  4- 6 || total
-------------------------+-------+-------++-------
Melee: Dagger            |   137 |    63 ||   200
 Fire: Blowgun           |       |     3 ||     3
Throw: Stone             |    10 |       ||    10
  Use: Scroll            |       |     8 ||     8
 Stab: Sleeping          |    12 |     1 ||    13
Armor: Robe              |    28 |     4 ||    32
Dodge: Dodged            |    93 |    32 ||   125

Table legend:
 A = Spawn XP
 B = Non-spawn XP
 C = Spawn XP percentage of total XP
 D = Spawn monster count
 E = Non-spawn monster count
 F = Spawn count percentage of total count
 G = Total turns spent on level
                    A         B        C        D         E        F      G
               +---------+---------+-------+---------+---------+-------+---------
         Total |       0 |     147 |   0.0 |       0 |      49 |   0.0 |  1855
               +---------+---------+-------+---------+---------+-------+---------
           D:1 |       0 |      52 |   0.0 |       0 |      28 |   0.0 |  1036
           D:2 |       0 |      92 |   0.0 |       0 |      20 |   0.0 |   729
           D:3 |       0 |       3 |   0.0 |       0 |       1 |   0.0 |    90
               +---------+---------+-------+---------+---------+-------+---------
